Map: Ancient Cistern LE

Players

Vindicta - Winner!

  • Race: Terran Terran
  • League: Grandmaster
  • Spawn Location: 1:00

Adonminus

  • Race: Protoss Protoss
  • League: Master
  • Spawn Location: 7:00

VOD

Have the link to the VOD?

Description

Time

  • Played on: May 6, 2023, 7:46 a.m.
  • Length: 21:11
Show
View Real Time Build Order
Export as new Build Order

Vindicta Terran - Winner!

Build Orders:  

Get SALT Encoding   

  12  0:00  SCV  
  13  0:12  SCV  
  14  0:18  Supply Depot  
  14  0:24  SCV  
  15  0:40  SCV  
  15  0:42  Barracks  
  16  0:43  Refinery  
  16  0:52  SCV  
  16  0:53  Refinery  
  17  1:04  SCV  
  18  1:16  SCV  
  19  1:31  Reaper  
  20  1:32  Orbital Command  
  20  1:36  Supply Depot  
  20  1:44  Factory  
  20  1:58  SCV  
  21  2:05  Barracks Reactor  
  21  2:10  SCV  
  22  2:23  SCV  
  22  2:27  Command Center  
  25  2:31  Widow Mine  
  25  2:35  SCV  
  25  2:36  Supply Depot  
  26  2:41  Marine x2  
  28  2:47  SCV  
  28  2:51  Starport  
  29  2:59  Marine, SCV  
  29  3:00  Marine  
  29  3:04  Widow Mine  
  34  3:14  SCV  
  34  3:16  Marine  
  38  3:28  Viking, Factory Tech Lab  
  38  3:31  SCV  
  39  3:38  Marine x2  
  41  3:44  SCV  
  41  3:47  Cyclone  
  45  3:49  Mag-Field Accelerator  
  45  3:57  SCV  
  45  3:58  Marine  
  45  4:01  Viking  
  49  4:07  Orbital Command  
  49  4:09  Marine  
  48  4:11  SCV  
  48  4:16  Marine  
  51  4:20  Cyclone  
  51  4:21  Supply Depot  
  54  4:37  Supply Depot  
  54  4:43  Viking, Marine x2, Supply Depot, SCV x2  
  60  4:55  SCV  
  60  4:58  SCV  
  60  4:59  Cyclone  
  65  5:00  Marine  
  65  5:01  Supply Depot  
  65  5:03  Marine  
  67  5:07  SCV  
  67  5:10  SCV  
  69  5:16  Command Center  
  69  5:21  Marine  
  69  5:26  Supply Depot  
  69  5:28  Starport Tech Lab  
  70  5:32  SCV  
  70  5:33  Barracks  
  70  5:34  SCV  
  72  5:36  Marine  
  72  5:39  Marine  
  74  5:47  SCV  
  73  5:54  SCV  
  71  5:59  Siege Tank  
  71  6:04  SCV  
  71  6:06  SCV  
  71  6:09  Barracks  
  70  6:16  SCV  
  70  6:18  SCV  
  67  6:28  SCV  
  69  6:35  SCV  
  69  6:36  Siege Tank  
  69  6:37  Orbital Command  
  69  6:38  Starport Tech Lab, Marine x2  
  74  6:40  SCV  
  74  6:42  Engineering Bay  
  74  6:44  Refinery x2  
  74  6:45  Engineering Bay  
  62  7:04  Stimpack  
  62  7:05  Barracks Tech Lab  
  62  7:07  SCV x2  
  60  7:10  Orbital Command  
  60  7:11  Siege Tank  
  60  7:12  Terran Infantry Weapons Level 1  
  63  7:15  Marine  
  63  7:18  Marine  
  63  7:19  Starport Reactor, SCV x2  
  67  7:22  Barracks  
  67  7:26  Marine x2  
  67  7:27  Barracks, Supply Depot  
  67  7:28  Combat Shield  
  69  7:31  SCV x2  
  69  7:32  Terran Infantry Armor Level 1  
  69  7:33  Marine  
  69  7:36  SCV  
  71  7:40  Missile Turret  
  71  7:43  SCV x2  
  73  7:44  Marauder x2  
  73  7:48  Siege Tank  
  81  7:52  Missile Turret  
  81  7:54  Missile Turret, Marine x2  
  81  7:56  SCV  
  81  7:57  SCV  
  85  8:00  Sensor Tower  
  85  8:01  SCV  
  85  8:05  Marine  
  87  8:06  Marauder  
  87  8:08  Medivac, SCV  
  91  8:14  Refinery, SCV x2  
  91  8:16  Refinery  
  91  8:19  Medivac, Marine  
  95  8:20  SCV  
  95  8:22  Barracks Tech Lab  
  95  8:23  Marauder  
  95  8:26  SCV x2  
  101  8:32  SCV  
  101  8:33  Marine, Supply Depot  
  103  8:35  Barracks Tech Lab  
  103  8:38  Marauder, SCV x2, Ghost Academy  
  107  8:44  SCV  
  107  8:46  Siege Tank  
  107  8:47  Concussive Shells, Marine  
  114  8:50  SCV x2  
  114  8:53  Viking  
  114  8:55  Viking  
  119  8:56  Marine, SCV  
  119  8:57  Marine x2  
  119  9:00  Marauder  
  124  9:08  Marine  
  125  9:10  Supply Depot x2  
  125  9:15  Missile Turret, Ghost x2  
  128  9:17  Ghost  
  128  9:19  Marine  
  128  9:20  Marine  
  132  9:25  SCV  
  132  9:28  Marine  
  132  9:29  SCV  
  132  9:30  Siege Tank  
  138  9:36  Supply Depot  
  138  9:37  Marine, Supply Depot  
  139  9:39  Marauder  
  139  9:41  Viking x2  
  147  9:48  Marine, Supply Depot  
  149  9:54  Ghost  
  149  9:55  Marine  
  149  9:56  Ghost  
  150  10:00  Marine  
  150  10:02  Ghost  
  150  10:04  Command Center  
  152  10:09  Marine  
  152  10:12  Supply Depot  
  152  10:13  Marine  
  154  10:17  Ghost  
  156  10:23  Marauder  
  156  10:25  Marine  
  156  10:27  Marine  
  156  10:28  Supply Depot x2  
  160  10:31  Marine  
  160  10:32  Marauder  
  160  10:35  Viking  
  165  10:36  Viking  
  167  10:43  Marauder  
  167  10:44  SCV  
  167  10:45  Barracks x2  
  167  10:48  Marauder, Marine  
  167  10:49  Marine  
  174  11:01  Marauder  
  174  11:02  Marauder  
  177  11:05  Viking  
  177  11:06  Viking  
  181  11:12  Ghost  
  181  11:16  Marine x2  
  185  11:22  Ghost, SCV x2  
  187  11:28  Armory  
  187  11:32  Ghost  
  187  11:35  Medivac, SCV, Marine x2  
  187  11:36  Medivac  
  138  11:47  Marine  
  138  11:48  Marauder  
  138  11:51  Marauder  
  138  11:53  Marine x2  
  113  11:58  SCV x3  
  113  12:01  Marine  
  110  12:02  Barracks Tech Lab x2  
  110  12:05  Planetary Fortress, Medivac  
  110  12:08  Siege Tank  
  115  12:09  Marauder  
  115  12:10  SCV  
  115  12:11  Marine x2  
  115  12:13  Marauder  
  115  12:14  SCV  
  123  12:15  Missile Turret  
  123  12:18  Terran Infantry Armor Level 2  
  123  12:19  Terran Infantry Weapons Level 2  
  123  12:27  Terran Ship Weapons Level 1, Refinery x2, SCV x2  
  123  12:29  Marine  
  126  12:33  Marauder  
  126  12:35  Marauder  
  126  12:36  Starport, Marine x2  
  131  12:40  Ghost  
  131  12:42  Ghost  
  135  12:50  Siege Tank  
  138  12:58  Ghost, Marine  
  137  12:59  Marine  
  137  13:01  Command Center, Marauder, Marine  
  144  13:07  Sensor Tower  
  144  13:09  Liberator  
  147  13:13  Liberator  
  150  13:23  Missile Turret  
  150  13:28  Fusion Core  
  150  13:29  Barracks Reactor  
  150  13:31  Marine x2  
  152  13:37  Viking x2  
  157  13:51  Command Center  
  157  13:52  Viking, Armory  
  157  13:53  Ghost  
  157  13:54  Command Center  
  161  14:00  Viking  
  161  14:07  Viking  
  163  14:22  Liberator  
  163  14:23  Terran Ship Weapons Level 2  
  165  14:25  Advanced Ballistics  
  165  14:27  Liberator  
  165  14:29  Ghost  
  165  14:30  Liberator, Marine x5  
  178  14:40  Terran Vehicle And Ship Armor Level 1  
  180  14:49  Missile Turret x3  
  180  14:50  Missile Turret  
  180  14:51  Missile Turret  
  180  14:52  Missile Turret, Ghost  
  182  14:56  Marauder, Marine  
  184  15:05  Liberator  
  184  15:06  Liberator  
  183  15:12  Refinery  
  183  15:13  Refinery  
  180  15:18  Orbital Command  
  176  15:24  Terran Infantry Weapons Level 3  
  176  15:29  Missile Turret  
  176  15:33  Ghost  
  176  15:34  Marine  
  182  15:37  Marine  
  177  15:46  SCV  
  181  15:50  Liberator  
  181  15:51  Liberator  
  181  15:52  Liberator  
  186  15:57  SCV x4  
  186  15:58  SCV  
  188  16:05  Sensor Tower  
  188  16:06  Sensor Tower  
  188  16:09  SCV x4  
  188  16:10  SCV  
  190  16:21  Liberator, SCV, Refinery x2  
  194  16:27  SCV  
  196  16:37  Planetary Fortress  
  196  16:39  Terran Infantry Armor Level 3  
  196  16:46  Missile Turret  
  194  16:47  Missile Turret  
  194  16:51  Terran Vehicle And Ship Armor Level 2  
  194  16:52  Terran Ship Weapons Level 3  
  194  16:56  Rapid Reignition System  
  194  17:00  Liberator  
  197  17:05  Missile Turret  
  197  17:11  Personal Cloaking  
  197  17:17  Missile Turret  
  197  17:19  Marauder  
  197  17:21  Missile Turret  
  199  17:26  Command Center, Marine  
  198  17:54  Ghost  
  193  18:01  Liberator, Neosteel Armor  
  193  18:02  Liberator x3  
  185  18:09  Ghost, Marine x2  
  185  18:10  Marine x4  
  188  18:27  Marauder  
  188  18:31  Marauder  
  188  18:33  Command Center, Marauder  
  194  18:35  Marauder  
  194  18:36  SCV  
  194  18:37  Command Center  
  197  18:43  SCV x2  
  197  18:44  SCV  
  198  18:53  Marine  
  198  18:54  Liberator  
  190  18:58  Liberator  
  190  18:59  Liberator  
  190  19:01  Liberator  
  190  19:02  Smart Servos  
  179  19:04  Marauder  
  179  19:07  Planetary Fortress  
  179  19:09  Marauder  
  181  19:14  Marauder x2, Marine x2  
  187  19:18  Marine  
  189  19:24  Marine  
  189  19:27  Missile Turret  
  193  19:31  Marauder x2  
  193  19:35  Ghost x2  
  193  19:37  Liberator  
  200  19:44  Ghost  
  200  19:54  Orbital Command x2  
  200  20:06  Liberator  
  195  20:08  Marauder  
  195  20:09  Marine  
  195  20:15  Ghost  
  195  20:17  Liberator  
  196  20:24  Ghost  
  197  20:28  Marine  
  197  20:29  Marauder  
  191  20:36  Refinery  
  191  20:37  Refinery  
  191  20:38  Ghost  
  191  20:39  Viking  
  191  20:40  Ghost  
  190  20:46  Marauder, Marine x2  
  190  20:47  Marauder  
  199  20:59  Starport  
Show
View Real Time Build Order
Export as new Build Order

Adonminus Protoss 

Build Orders: 1 Gate Expand, Phoenix Opening, Carriers, Colossus Rush 

Get SALT Encoding   

  12  0:00  Probe  
  13  0:12  Probe  
  14  0:17  Pylon  
  14  0:24  Probe  
  15  0:36  Gateway  
  15  0:37  Probe (Chrono Boost)  
  15  0:42  Assimilator  
  16  0:47  Probe (Chrono Boost)  
  17  0:52  Probe (Chrono Boost)  
  18  1:03  Probe  
  19  1:15  Probe  
  20  1:22  Nexus  
  20  1:33  Cybernetics Core  
  20  1:35  Probe  
  21  1:40  Assimilator  
  21  1:47  Probe  
  21  1:49  Pylon  
  22  1:59  Probe  
  23  2:06  Adept (Chrono Boost)  
  23  2:11  Probe  
  26  2:18  Stargate  
  26  2:23  Probe  
  26  2:26  Shield Battery  
  26  2:29  Adept (Chrono Boost)  
  29  2:34  Probe (Chrono Boost)  
  29  2:35  Warp Gate  
  30  2:42  Probe (Chrono Boost)  
  31  2:46  Probe (Chrono Boost)  
  32  2:53  Adept  
  32  2:54  Probe (Chrono Boost)  
  32  2:55  Probe (Chrono Boost)  
  36  3:00  Probe  
  37  3:05  Phoenix (Chrono Boost)  
  37  3:08  Probe  
  37  3:12  Probe  
  41  3:17  Pylon  
  41  3:20  Probe  
  41  3:24  Probe  
  43  3:27  Phoenix (Chrono Boost)  
  43  3:32  Probe  
  46  3:36  Probe  
  46  3:37  Robotics Facility  
  47  3:42  Assimilator  
  47  3:44  Probe  
  47  3:46  Pylon  
  48  3:52  Probe  
  49  4:01  Probe  
  50  4:07  Phoenix (Chrono Boost)  
  50  4:08  Probe  
  53  4:10  Shield Battery  
  53  4:12  Assimilator  
  53  4:14  Probe  
  54  4:20  Probe  
  54  4:23  Pylon, Gateway  
  56  4:24  Observer  
  56  4:25  Adept  
  56  4:26  Probe  
  61  4:32  Probe  
  61  4:36  Robotics Bay  
  61  4:38  Probe  
  61  4:41  Pylon  
  61  4:44  Phoenix, Probe  
  64  4:50  Probe  
  65  4:54  Nexus  
  65  4:57  Pylon  
  66  5:00  Probe  
  66  5:02  Probe  
  66  5:05  Adept  
  69  5:09  Phoenix  
  69  5:12  Probe  
  72  5:15  Shield Battery  
  72  5:23  Stalker  
  72  5:24  Colossus (Chrono Boost)  
  80  5:38  Stalker  
  82  5:49  Phoenix  
  76  6:01  Stalker x2  
  66  6:07  Colossus (Chrono Boost)  
  61  6:24  Stalker  
  61  6:25  Stalker  
  65  6:30  Probe  
  65  6:32  Probe x2  
  68  6:33  Phoenix  
  70  6:42  Probe  
  70  6:44  Probe x2  
  73  6:51  Stalker x2  
  79  6:54  Probe  
  79  6:56  Probe x2  
  79  6:58  Pylon  
  79  7:01  Observer  
  79  7:07  Probe (Chrono Boost)  
  77  7:08  Probe (Chrono Boost)  
  77  7:09  Extended Thermal Lance, Probe (Chrono Boost)  
  77  7:13  Twilight Council  
  77  7:14  Colossus (Chrono Boost), Forge  
  77  7:17  Assimilator x2, Pylon  
  77  7:19  Probe (Chrono Boost)  
  77  7:20  Probe (Chrono Boost)  
  77  7:21  Probe (Chrono Boost)  
  80  7:27  Probe x3 (Chrono Boost)  
  89  7:30  Pylon  
  89  7:32  Nexus  
  89  7:33  Probe  
  89  7:34  Probe  
  91  7:37  Probe  
  91  7:38  Phoenix  
  91  7:39  Charge  
  91  7:43  Protoss Ground Weapons Level 1 (Chrono Boost)  
  94  7:45  Probe  
  94  7:47  Probe  
  94  7:49  Probe  
  97  7:56  Shield Battery  
  97  7:57  Probe  
  98  7:59  Probe, Gateway  
  98  8:00  Gateway  
  98  8:04  Gateway  
  98  8:05  Disruptor (Chrono Boost)  
  98  8:10  Gateway  
  101  8:13  Templar Archives  
  101  8:17  Gateway  
  101  8:22  Shield Battery  
  101  8:24  Gateway  
  101  8:27  Gateway  
  101  8:29  Gateway  
  101  8:32  Pylon  
  101  8:34  Probe  
  101  8:35  Probe x2  
  101  8:38  Phoenix (Chrono Boost)  
  106  8:46  Immortal  
  110  8:49  Stalker  
  112  8:59  High Templar x2  
  112  9:02  Zealot x2  
  120  9:04  Archon  
  120  9:05  Pylon x2  
  120  9:09  Probe  
  121  9:11  Gateway  
  121  9:14  Gateway  
  121  9:15  Zealot  
  123  9:20  Pylon  
  123  9:21  High Templar x3  
  123  9:22  High Templar  
  123  9:23  Zealot x2  
  123  9:24  Zealot  
  137  9:25  Archon  
  137  9:26  Archon  
  137  9:29  Immortal (Chrono Boost)  
  140  9:41  Pylon  
  140  9:42  Probe  
  140  9:43  Probe  
  140  9:44  Probe  
  140  9:45  Assimilator  
  143  9:46  Protoss Ground Weapons Level 2 (Chrono Boost), Assimilator, Pylon  
  143  9:48  Phoenix  
  143  9:49  Pylon  
  145  9:57  Zealot x4  
  145  9:58  Zealot  
  155  10:01  Immortal  
  155  10:05  Psionic Storm  
  159  10:09  Pylon  
  159  10:13  Pylon  
  159  10:18  Phoenix (Chrono Boost)  
  159  10:21  Zealot x2  
  159  10:22  Zealot x4  
  171  10:35  Zealot x4  
  175  10:40  Nexus  
  175  10:41  Pylon  
  179  10:43  High Templar x2  
  179  10:44  High Templar  
  179  10:47  Immortal  
  187  11:14  Zealot x6  
  183  11:35  Zealot x8  
  191  11:46  Archon  
  146  11:49  Probe  
  146  11:53  Probe  
  120  11:55  Stalker x2  
  120  11:56  Colossus (Chrono Boost), Zealot x5  
  120  11:57  Zealot x2  
  132  12:04  Stargate x2  
  132  12:06  Fleet Beacon  
  132  12:08  Probe x3  
  135  12:11  Protoss Ground Weapons Level 3 (Chrono Boost), Assimilator  
  135  12:13  High Templar  
  137  12:15  Assimilator  
  137  12:20  Probe, Shield Battery  
  137  12:22  Probe, Protoss Air Weapons Level 1 (Chrono Boost), Photon Cannon  
  139  12:27  High Templar x3  
  139  12:28  High Templar  
  147  12:32  Archon  
  147  12:33  Archon  
  147  12:34  High Templar  
  147  12:35  Zealot x2  
  153  12:39  Colossus (Chrono Boost)  
  159  12:51  Photon Cannon  
  159  12:53  Carrier (Chrono Boost)  
  159  12:54  Carrier (Chrono Boost)  
  171  13:03  Pylon  
  171  13:05  Photon Cannon, Carrier (Chrono Boost)  
  171  13:09  Shield Battery  
  171  13:11  Photon Cannon  
  175  13:16  Cybernetics Core  
  175  13:18  Pylon  
  175  13:20  High Templar x2  
  175  13:24  Archon  
  179  13:27  Photon Cannon  
  179  13:28  Photon Cannon  
  179  13:30  Pylon  
  179  13:33  Pylon  
  179  13:35  Zealot  
  179  13:36  Disruptor (Chrono Boost)  
  184  13:42  Robotics Facility  
  184  13:45  Carrier (Chrono Boost)  
  190  13:48  Carrier (Chrono Boost)  
  196  14:00  Carrier (Chrono Boost)  
  194  14:08  Protoss Air Armor Level 1  
  194  14:09  High Templar  
  200  14:12  Photon Cannon  
  200  14:13  Photon Cannon  
  200  14:14  Photon Cannon  
  200  14:16  Photon Cannon, Shield Battery  
  200  14:34  Stargate  
  200  14:37  Stargate  
  200  14:39  Protoss Ground Armor Level 1 (Chrono Boost)  
  200  14:49  Protoss Air Weapons Level 2  
  200  14:51  Nexus  
  200  14:52  Pylon  
  198  15:16  Carrier  
  196  15:25  Carrier  
  196  15:40  Blink (Chrono Boost)  
  196  15:52  Assimilator  
  196  15:54  Assimilator  
  196  15:59  Shield Battery  
  196  16:01  Photon Cannon  
  196  16:03  Photon Cannon  
  196  16:04  Photon Cannon  
  196  16:07  Dark Shrine  
  200  16:28  Carrier (Chrono Boost)  
  200  16:37  Carrier x2 (Chrono Boost)  
  200  16:38  Tempest (Chrono Boost)  
  188  16:44  Tempest (Chrono Boost)  
  200  17:07  Protoss Ground Armor Level 2  
  200  17:10  Protoss Air Armor Level 2 (Chrono Boost), Nexus  
  200  17:13  Pylon  
  200  17:14  Pylon  
  200  17:15  Gravitic Boosters  
  200  17:21  Protoss Air Weapons Level 3 (Chrono Boost)  
  200  17:35  Tempest  
  199  17:48  Pylon  
  173  18:06  Carrier x2  
  173  18:12  Stalker x9  
  163  18:13  Stalker  
  163  18:19  Carrier (Chrono Boost)  
  169  18:20  Carrier x2 (Chrono Boost)  
  169  18:24  Probe x2  
  169  18:25  Probe  
  169  18:26  Probe  
  173  18:35  Stalker x5  
  173  18:36  Stalker x5  
  193  18:45  Pylon  
  146  19:04  Zealot x9  
  146  19:05  Zealot, Carrier x2 (Chrono Boost)  
  163  19:20  Carrier (Chrono Boost)  
  169  19:25  Assimilator, High Templar x4  
  169  19:26  High Templar x6  
  169  19:28  Assimilator  
  169  19:30  Archon x5  
  189  19:36  Shield Battery  
  181  20:00  Zealot x6  
  181  20:01  Zealot x3  
  138  20:28  High Templar x4  
  118  20:29  High Templar x2  
  118  20:30  Zealot x3  
  118  20:33  Archon x3  
  80  20:51  Stalker x4  
Tags
 
Add a new tag
Caveats
  • Supply blocks, unpowered buildings, or Contaminate may cause inaccurate times.
  • Supply counts are checked every 10 seconds.